[ PARTIDA AOE2 · #495280042 ]
UnrankedMalíes vs Magyars
Equipo del jugador · VICT
Equipo rival · DERR
[ ANÁLISIS DE REPETICIÓN · EXTRAÍDO DE LA PARTIDA GRABADA ]
Feudal
9:46
Castillos
—
Imperial
—
| APM promedio | 40.6 |
| APM pico | 78 |
| eAPM promedio | 15.7 |
| Aldeanos / militares | 29 / 13 |
Foco
⚔️ 36.1% · 🌾 63.9%
Militia ×8 · Skirmisher ×3 · Archer ×2
Feudal
8:50
Castillos
—
Imperial
—
| APM promedio | 63.4 |
| APM pico | 103 |
| eAPM promedio | 29.4 |
| Aldeanos / militares | 64 / 20 |
Foco
⚔️ 35.0% · 🌾 65.0%
Militia ×11 · Archer ×5 · Skirmisher ×4
Mapa de la partida
Recursos iniciales + cada clic de construcción. Líneas = muros · curvas = relieve. ◆ oro · ⬟ piedra · ● bayas · ✦ reliquia · ◌ hueco del cierre
Tu base· Abierta — hueco de 8t
Base de SeePpro· Abierta — hueco de 7t
Terreno inicial suavizado · ◌ = hueco del cierre detectado · pasá el cursor para detalles
Inputs por minuto
— __24_Thorfin_Arg - - SeePpro
Build order — __24_Thorfin_Arg
67 acciones detectadas en el replay
| 0:00 | Crear | Villager (Male) |
| 0:02 | Construir | House |
| 0:04 | Construir | House |
| 0:04 | Crear | Villager (Male) |
| 0:05 | Crear | Villager (Male) |
| 0:05 | Crear | Villager (Male) |
| 1:53 | Crear | Villager (Male) |
| 1:53 | Crear | Villager (Male) |
| 1:54 | Crear | Villager (Male) |
| 1:54 | Crear | Villager (Male) |
| 2:30 | Construir | Lumber Camp |
| 2:35 | Crear | Villager (Male) |
| 2:35 | Crear | Villager (Male) |
| 2:35 | Crear | Villager (Male) |
| 3:14 | Crear | Villager (Male) |
| 3:14 | Crear | Villager (Male) |
| 3:39 | Construir | House |
| 3:41 | Construir | House |
| 4:19 | Crear | Villager (Male) |
| 4:20 | Crear | Villager (Male) |
| 4:20 | Crear | Villager (Male) |
| 5:03 | Crear | Villager (Male) |
| 5:27 | Crear | Villager (Male) |
| 5:37 | Construir | Barracks |
| 6:24 | Crear | Villager (Male) |
| 6:24 | Investigar | Loom |
| 7:04 | Construir | Mining Camp |
| 7:36 | Investigar | Feudal Age |
| 7:36 | Investigar | Feudal Age |
| 7:50 | Crear | Militia |
| 7:51 | Crear | Militia |
| 8:14 | Crear | Militia |
| 8:48 | Crear | Militia |
| 8:55 | Construir | House |
| 9:04 | Crear | Villager (Male) |
| 9:19 | Crear | Villager (Male) |
| 9:30 | Crear | Villager (Male) |
| 9:46 | Edad | Edad Feudal |
| 9:47 | Construir | Palisade Wall |
| 9:56 | Investigar | Man-at-Arms (upgrade) |
| 10:08 | Crear | Villager (Male) |
| 10:13 | Construir | Archery Range |
| 10:17 | Crear | Villager (Male) |
| 10:20 | Crear | Villager (Male) |
| 10:38 | Construir | House |
| 11:12 | Investigar | Town Watch |
| 11:14 | Crear | Archer |
| 11:54 | Crear | Villager (Male) |
| 11:55 | Crear | Archer |
| 11:59 | Construir | House |
| 12:11 | Construir | House |
| 12:20 | Crear | Militia |
| 12:39 | Crear | Skirmisher |
| 12:41 | Crear | Militia |
| 12:43 | Crear | Villager (Male) |
| 12:49 | Construir | House |
| 13:16 | Construir | Blacksmith |
| 13:32 | Crear | Militia |
| 13:36 | Construir | House |
| 13:46 | Crear | Villager (Male) |
| 13:52 | Crear | Skirmisher |
| 14:11 | Crear | Skirmisher |
| 14:37 | Crear | Villager (Male) |
| 14:46 | Construir | Mill |
| 14:53 | Crear | Militia |
| 14:58 | Construir | House |
| 15:17 | Construir | House |
Build order — SeePpro
117 acciones detectadas en el replay
| 0:00 | Crear | Villager (Male) |
| 0:01 | Crear | Villager (Male) |
| 0:02 | Construir | House |
| 0:03 | Construir | House |
| 0:04 | Crear | Villager (Male) |
| 0:07 | Crear | Villager (Male) |
| 0:07 | Crear | Villager (Male) |
| 0:07 | Crear | Villager (Male) |
| 1:23 | Crear | Villager (Male) |
| 1:24 | Crear | Villager (Male) |
| 1:46 | Construir | Lumber Camp |
| 2:01 | Crear | Villager (Male) |
| 2:02 | Crear | Villager (Male) |
| 2:03 | Crear | Villager (Male) |
| 2:47 | Crear | Villager (Male) |
| 2:48 | Crear | Villager (Male) |
| 3:14 | Crear | Villager (Male) |
| 3:14 | Crear | Villager (Male) |
| 3:14 | Crear | Villager (Male) |
| 3:24 | Construir | House |
| 3:26 | Crear | Villager (Male) |
| 3:53 | Construir | Mill |
| 3:59 | Construir | Mill |
| 4:11 | Crear | Villager (Male) |
| 4:11 | Crear | Villager (Male) |
| 4:40 | Crear | Villager (Male) |
| 4:41 | Crear | Villager (Male) |
| 4:41 | Crear | Villager (Male) |
| 4:41 | Crear | Villager (Male) |
| 5:10 | Crear | Villager (Male) |
| 5:10 | Crear | Villager (Male) |
| 5:39 | Crear | Villager (Male) |
| 5:39 | Crear | Villager (Male) |
| 6:06 | Construir | Barracks |
| 6:10 | Investigar | Loom |
| 6:40 | Investigar | Feudal Age |
| 6:41 | Investigar | Feudal Age |
| 6:41 | Investigar | Feudal Age |
| 6:55 | Construir | House |
| 7:15 | Crear | Villager (Male) |
| 7:19 | Crear | Militia |
| 7:19 | Crear | Militia |
| 7:19 | Crear | Militia |
| 7:36 | Construir | Mining Camp |
| 7:41 | Crear | Militia |
| 7:41 | Crear | Militia |
| 8:09 | Crear | Militia |
| 8:10 | Crear | Militia |
| 8:10 | Crear | Militia |
| 8:31 | Crear | Villager (Male) |
| 8:50 | Edad | Edad Feudal |
| 8:52 | Construir | Palisade Wall |
| 9:03 | Construir | Archery Range |
| 9:21 | Investigar | Man-at-Arms (upgrade) |
| 9:57 | Crear | Villager (Male) |
| 9:58 | Crear | Villager (Male) |
| 10:02 | Construir | House |
| 10:22 | Construir | House |
| 10:28 | Crear | Archer |
| 10:28 | Crear | Archer |
| 10:32 | Crear | Villager (Male) |
| 10:47 | Construir | Farm |
| 10:47 | Construir | Farm |
| 10:47 | Construir | Farm |
| 10:47 | Construir | Farm |
| 10:52 | Construir | House |
| 11:04 | Crear | Archer |
| 11:04 | Crear | Archer |
| 11:05 | Crear | Archer |
| 11:07 | Crear | Villager (Male) |
| 11:07 | Crear | Villager (Male) |
| 11:21 | Construir | Palisade Wall |
| 11:22 | Construir | Palisade Wall |
| 11:42 | Construir | Farm |
| 11:42 | Construir | Farm |
| 11:48 | Crear | Villager (Male) |
| 11:48 | Crear | Villager (Male) |
| 11:54 | Construir | House |
| 12:26 | Crear | Villager (Male) |
| 12:26 | Crear | Villager (Male) |
| 12:32 | Crear | Villager (Male) |
| 12:34 | Crear | Villager (Male) |
| 12:34 | Crear | Villager (Male) |
| 12:40 | Construir | Farm |
| 12:40 | Construir | Farm |
| 12:49 | Crear | Villager (Male) |
| 12:49 | Crear | Villager (Male) |
| 12:50 | Crear | Villager (Male) |
| 13:02 | Crear | Militia |
| 13:03 | Crear | Militia |
| 13:03 | Crear | Militia |
| 13:04 | Crear | Villager (Male) |
| 13:04 | Crear | Villager (Male) |
| 13:12 | Crear | Skirmisher |
| 13:12 | Crear | Skirmisher |
| 13:12 | Crear | Skirmisher |
| 13:12 | Crear | Skirmisher |
| 13:13 | Crear | Villager (Male) |
| 13:14 | Crear | Villager (Male) |
| 13:27 | Crear | Villager (Male) |
| 13:27 | Crear | Villager (Male) |
| 13:41 | Construir | Watch Tower |
| 13:41 | Crear | Villager (Male) |
| 13:42 | Crear | Villager (Male) |
| 13:53 | Construir | House |
| 13:57 | Crear | Villager (Male) |
| 14:00 | Crear | Villager (Male) |
| 14:00 | Crear | Villager (Male) |
| 14:28 | Crear | Villager (Male) |
| 14:28 | Crear | Villager (Male) |
| 14:32 | Crear | Villager (Male) |
| 14:32 | Crear | Villager (Male) |
| 14:55 | Crear | Villager (Male) |
| 14:55 | Crear | Villager (Male) |
| 15:02 | Crear | Villager (Male) |
| 15:02 | Crear | Villager (Male) |
| 15:02 | Crear | Villager (Male) |
Cronología de la partida
| 5:37 | __24_Thorfin_Arg · first_building Barracks |
| 6:06 | SeePpro · first_building Barracks |
| 8:50 | SeePpro · age_up feudal |
| 8:52 | SeePpro · wall_segment Palisade Wall x1 |
| 9:03 | SeePpro · first_building Archery Range |
| 9:46 | __24_Thorfin_Arg · age_up feudal |
| 9:47 | __24_Thorfin_Arg · wall_segment Palisade Wall x1 |
| 10:13 | __24_Thorfin_Arg · first_building Archery Range |
| 11:21 | SeePpro · wall_segment Palisade Wall x1 |
| 11:22 | SeePpro · wall_segment Palisade Wall x1 |
| 15:23 | SeePpro · resign |
[ ANÁLISIS IA · 1 CRÉDITO ]
¿Qué pasó realmente en esta partida?
Wolo.gg analiza cada decisión: build order, eco, micro, errores típicos por bracket. Análisis personalizado por WhatsApp o Discord en 30 segundos.
Guía civ
Malíes
Perfil
__24_Thorfin_Arg